 Dungeon Crawl Stone Soup version 0.32-a0-779-g362cfcae2a (webtiles) character file.

Game seed: 4731574319280469435

77 ragingrage the Ruffian (level 4, -5/38 HPs)
             Began as a Ghoul Berserker on Mar 20, 2024.
             Was a Believer of Trog.
             Slain by a gnoll
             ... wielding a +0 flail
              (9 damage)
             ... on level 3 of the Dungeon.
             The game lasted 00:01:21 (1215 turns).

ragingrage the Ruffian (Ghoul Berserker)            Turns: 1215, Time: 00:01:22

Health: -5/38      AC:  5    Str: 22    XL:     4   Next: 33%
Magic:  4/4        EV: 10    Int:  6    God:    Trog [**....]
Gold:   177        SH:  0    Dex:  8    Spells: 3/3 levels left

rFire   . .          .
                       - Unarmed
rCold   + . .        (no shield)
rNeg    + + +        j - +0 ring mail
rPois   ∞            (no helmet)
rElec   .            (no cloak)
rCorr   .            (no gloves)
SInv    .            (no boots)
Will    ++...        (no amulet)
Stlth   +            d - +4 ring of slaying
HPRegen 1.00/turn    (no ring)
MPRegen 0.09/turn

%: no passive effects
@: strong-willed, regenerating
A: claws 1, cold resistance 1, negative energy resistance 3, inhibited
regeneration, torment resistance 2, devour on kill
a: Renounce Religion, Trog's Hand


You were on level 3 of the Dungeon.
You worshipped Trog.
Trog was pleased with you.
You visited 1 branch of the dungeon, and saw 3 of its levels.

You collected 177 gold pieces.

Inventory:

Armour
 a - a +0 animal skin
 j - a +0 ring mail (worn)
Jewellery
 d - a +4 ring of slaying (left claw)
 g - an amulet of magic regeneration
Scrolls
 e - a scroll of amnesia
 f - a scroll of vulnerability {unknown}
 h - a scroll of teleportation
 k - a scroll of enchant armour {unknown}
Potions
 c - 3 potions of curing
 i - a potion of degeneration {unknown}
 l - a potion of attraction {unknown}


   Skills:
 - Level 3.2 Fighting
 - Level 1.7 Armour
 - Level 1.7 Dodging
 - Level 3.0 Stealth
 + Level 4.6 Unarmed Combat


You had 3 spell levels left.
You didn't know any spells.
Your spell library was empty.

Dungeon Overview and Level Annotations

Branches:
Dungeon (3/15)

Altars:


Innate Abilities, Weirdness & Mutations

You are immune to poison.
You have sharp fingernails.
Your flesh is cold resistant. (rC+)
You are immune to negative energy. (rN+++)
You do not regenerate when monsters are visible.
You are immune to unholy pain and torment.
You thrive by killing the living.


Message History

e - a scroll of amnesia
As you read the scroll of identify, it crumbles to dust.
c - 3 potions of curing Your surroundings suddenly seem different.
Unknown command.
You open the door. 3 gnolls come into view.
The gnoll shouts! x2
There is an open door here.
Found a stone staircase leading down.
The gnoll shouts!
There is an open door here.
Found an escape hatch in the floor.
There is an escape hatch in the floor here.
You aren't carrying any items that you can evoke.
Unknown command.
Your skin crawls.
You feel strong-willed.
You closely miss the gnoll. The gnoll hits you with a +0 flail!
The gnoll barely misses you.
You claw the gnoll! The gnoll closely misses you. The gnoll misses you.
The gnoll barely misses you.
You barely miss the gnoll. The gnoll hits you but does no damage.
You scratch the gnoll. The gnoll hits you with a +0 flail.
The gnoll closely misses you. The gnoll hits you with a +0 flail!
You closely miss the gnoll. The gnoll closely misses you.
The gnoll hits you from afar with a +0 halberd.
The gnoll closely misses you.
You scratch the gnoll.
You kill the gnoll!
Trog accepts your kill. The gnoll closely misses you. x2
You barely miss the gnoll. The gnoll closely misses you.
The gnoll hits you with a +0 flail!
* * * LOW HITPOINT WARNING * * *
You barely miss the gnoll.
The gnoll hits you from afar with a +0 halberd.
* * * LOW HITPOINT WARNING * * *
The gnoll hits you with a +0 flail!
You die...

#.......#
#.......#
#.......#
#.......#
#.####.......#
#.........$..#
#####g#'######
#...#)#g#######
#.#.#@#.......#
#.#<#.g........
#.###########.#
#.. ####


You could see 2 gnolls.

Vanquished Creatures
  A gnoll (D:3)
  2 adders (D:2)
  6 endoplasms
  5 giant cockroaches
  2 goblins
  4 hobgoblins
  6 jackals (D:1)
  3 kobolds
  A quokka (D:2)
  6 ball pythons
  3 bats (D:1)
  6 rats
45 creatures vanquished.

Notes
Turn   | Place    | Note
-------+----------+-------------------------------------------
     0 | D:1      | ragingrage the Ghoul Berserker began the quest for the Orb.
     0 | D:1      | Reached XP level 1. HP: 19/19 MP: 1/1
    35 | D:1      | Reached skill level 1 in Stealth
    51 | D:1      | Reached XP level 2. HP: 26/26 MP: 2/2
   355 | D:1      | Reached XP level 3. HP: 28/31 MP: 3/3
   497 | D:1      | Reached skill level 4 in Unarmed Combat
   583 | D:2      | Reached ** piety under Trog
  1081 | D:2      | Reached XP level 4. HP: 38/38 MP: 4/4
  1215 | D:3      | Slain by a gnoll

Illustrated notes

Levels and vault maps discovered:
D:1:      dpeg_arrival_shelter, layout_rooms
D:2:      layout_basic
D:3:      layout_basic, mainiacjoe_overflow_concentric_impassable,
          mainiacjoe_overflow_cross_hatched, portal_sewer_entry_f, uniq_grinder,
          uniq_sigmund, uniq_crazy_yiuf_cottage

Skill      XL: |  1  2  3 |
---------------+----------+-----
Stealth        | 1 2 3 |  3.0
Unarmed Combat | 4 |  4.6
Fighting       | |  3.2
Armour         | |  1.7
Dodging        | |  1.7

Action                     |  1- 3 |  4- 6 || total
---------------------------+-------+-------++-------
  Melee: Unarmed           |    98 |    12 ||   110
         Punch             |     1 |       ||     1
 Invoke: Trog's Hand       |       |     1 ||     1
    Use: Scroll            |       |     3 ||     3
   Stab: Distracted        |     1 |       ||     1
         Sleeping          |     2 |     1 ||     3
 Armour: Animal skin       |    51 |       ||    51
         Ring mail         |     2 |    10 ||    12
  Dodge: Dodged            |    57 |    11 ||    68

Table legend: (Time is in decaauts)
 A = Elapsed time spent in this place.
 B = Non-inter-level travel time spent in this place.
 C = Inter-level travel time spent in this place.
 D = Time resting spent in this place.
 E = Time spent auto-exploring this place.
 F = Levels seen in this place.
 G = Mean time per level.
                   A        B        C        D        E       F      G
               +--------+--------+--------+--------+--------+-----+--------+
         Total |   1206 |   1162 |     44 |     62 |    826 |   3 |  402.0 |
       Dungeon |   1206 |   1162 |     44 |     62 |    826 |   3 |  402.0 |
               +--------+--------+--------+--------+--------+-----+--------+

Top non-repeatable levels by time:
     D:2: 628 daAuts
     D:1: 552 daAuts
     D:3: 24 daAuts
